 Dungeon Crawl Stone Soup version 0.30-a0-691-g754fce4c43 (webtiles) character file.

Game seed: 16422108158571851391

60 wormed the Gusty (level 4, -6/23 (27) HPs)
             Began as an Octopode Air Elementalist on Jan 19, 2023.
             Mangled by Robin
             ... wielding a +3 mace of draining
              (10 damage)
             ... on level 1 of the Dungeon.
             The game lasted 00:03:43 (1912 turns).

wormed the Gusty (Octopode Air Elementalist)        Turns: 1912, Time: 00:03:43

HP:   -6/23 (27)    AC:  1    Str:  9    XL:     4   Next: 6%
MP:   6/8           EV: 13    Int: 17    God:
Gold: 53            SH:  0    Dex: 12    Spells: 7/8 levels left

rFire   . . .      SeeInvis .    (no weapon)
rCold   . . .      Faith    .    (no shield)
rNeg    . . .      Spirit   .    (helmet restricted)
rPois   .          Reflect  .    (no amulet)
rElec   .          Harm     .    (no ring)
rCorr   .          Rampage  .    (no ring)
Will    .....                    (no ring)
Stlth   +++                      (no ring)
HPRegen 0.23/turn                (no ring)
MPRegen 0.11/turn                (no ring)
                                 (no ring)
                                 (no ring)

@: very slightly contaminated, heavily drained
A: almost no armour, amphibious, 8 rings, camouflage 1, gelatinous body 1,
(nimble swimmer 1), tentacles
a: no special abilities


You were on level 1 of the Dungeon.
You visited 1 branch of the dungeon, and saw 2 of its levels.

You collected 53 gold pieces.

Inventory:

Missiles
 e - 5 poisoned darts (quivered)
Potions
 a - a potion of magic
 b - a potion of might {unknown}
 d - a potion of haste {unknown}


   Skills:
 - Level 2.0 Dodging
 - Level 2.6 Stealth
 + Level 2.7 Spellcasting
 + Level 2.2 Conjurations
 * Level 3.6 Air Magic


You had 7 spell levels left.
You knew the following spells:

 Your Spells              Type           Power      Damage    Failure   Level
a - Shock                 Conj/Air       48%        1d6       5%          1

Your spell library contained the following spells:

 Spells                   Type           Power      Damage    Failure   Level
 Static Discharge         Conj/Air       24%        2-3/arc   9%          2
 Swiftness                Air            14%        N/A       12%         3
 Airstrike                Air            7%         2d(1-17)  36%         4


Dungeon Overview and Level Annotations

Branches:
Dungeon (2/15)

Altars:

Shops:
D:1 (

Annotations:
D:1 Robin


Innate Abilities, Weirdness & Mutations

You cannot wear most types of armour.
You are amphibious.
You can wear up to eight rings at the same time.
Your skin changes colour to match your surroundings (Stealth+).
Your rubbery body absorbs attacks. (AC +1, EV +1)
((You are camouflaged when in or above water. (Stealth+)))
You have tentacles for arms and can constrict up to eight enemies at once.


Message History

There is a stone staircase leading up here.
There are monsters nearby!
Throw: 6 darts (poison)
Press: ? - help, Q - select action, (/) - cycle Shift-Dir - straight line, f - Robin
Aim: Robin, wielding a +3 mace of draining, wearing a +0 animal skin and wearing a +0 helmet (64% to hit)
You throw a poisoned dart. The poisoned dart closely misses Robin.
Casting: Shock (safe; 5% risk of failure)
Confirm with . or Enter, or press ? or * to list all spells.
Aiming: Shock (safe; 5% risk of failure)
Press: ? - help, Shift-Dir - straight line, f/p - Robin
Aim: Robin, wielding a +3 mace of draining, wearing a +0 animal skin and wearing a +0 helmet (77% to hit)
You miscast Shock.
You are very lightly contaminated with residual magic.
Nothing appears to happen.
Robin hits you with a +3 mace of draining.
You feel drained.
Casting: Shock (safe; 5% risk of failure)
Confirm with . or Enter, or press ? or * to list all spells.
Aiming: Shock (safe; 5% risk of failure)
Press: ? - help, Shift-Dir - straight line, f/p - Robin
Aim: Robin, wielding a +3 mace of draining, wearing a +0 animal skin and wearing a +0 helmet (77% to hit)
The zap hits Robin.
Robin is lightly wounded.
Robin hits you with a +3 mace of draining.
You feel drained.
Robin hits you with a +3 mace of draining!
* * * LOW HITPOINT WARNING * * *
You feel drained.
* * * LOW HITPOINT WARNING * * *
You climb upwards.
There is a stone staircase leading down here.
As you read the scroll of summoning, it crumbles to dust.
Wisps of shadow whirl around you... Robin barely misses you.
You tentacle-slap Robin but do no damage.
You grab Robin. You squeeze Robin!
Robin is severely wounded.
You constrict Robin. Your bat hits Robin but does no damage.
Your ball python bites Robin.
Robin hits you with a +3 mace of draining!
You die...

.## #.#.#.....##.#.# #..## ###'#
.# #.#.##.#####.#.# #..# #.# .#
#.#..........#.####..# #.#
.####...^..#######.......# #.#
##....(....# #.#####.# #.#
.......##..### #.......# #.#
.......##....#####.####### #.#
..#...........S.b..#.##########.#
........#..###.g@..#............#
#.......#..#..K#.#.#......#######
#.......#..#...#.#.#......†.# #
........#..#.#.#.#.#......#.#####
..#.....#..#.#.#.#.#.#'####.##...
........#..#.#.#'#.#.#.# #.##.##
........#..#.#.....#[#.# #.##.#
........#....#.....#.#.# #.##.#
........#.####.....#.#.# #.##.#


You could see Robin (ally target), a friendly bat (summoned), a friendly ball
python (summoned) and a friendly kobold (summoned).

Vanquished Creatures
  2 adders (D:2)
  A worm (D:1)
  3 dart slugs
  A bat (D:1)
  2 endoplasms
  A giant cockroach (D:1)
  7 goblins
  2 hobgoblins (D:1)
  3 jackals (D:1)
  A ball python (D:1)
  A frilled lizard (D:1)
  3 kobolds
  6 rats
33 creatures vanquished.

Notes
Turn   | Place    | Note
-------+----------+-------------------------------------------
     0 | D:1      | wormed the Octopode Air Elementalist began the quest for
                  | the Orb.
     0 | D:1      | Reached XP level 1. HP: 11/11 MP: 3/3
   202 | D:1      | Reached XP level 2. HP: 11/17 MP: 1/5
   659 | D:1      | Reached XP level 3. HP: 21/21 MP: 3/6
  1072 | D:1      | Found Fuotab's Weapon Shop.
  1283 | D:2      | Noticed Robin
  1639 | D:2      | Reached XP level 4. HP: 27/27 MP: 5/8
  1912 | D:1      | Mangled by Robin

Illustrated notes

Levels and vault maps discovered:
D:1:      tarquinn_simple_flora_water_f, layout_basic, serial_shops,
          nicolae_shop_bloodbath_and_beyond, minivault_4, serial_park_tiny_2,
          skrybe_limestone_x
D:2:      layout_basic, uniq_terence, uniq_robin

Skill      XL: |  1  2  3 |
---------------+----------+-----
Conjurations   | 2 |  2.2
Dodging        | |  2.0
Stealth        | |  2.6
Spellcasting   | |  2.7
Air Magic      | |  3.6

Action                   |  1- 3 |  4- 6 || total
-------------------------+-------+-------++-------
Melee: Unarmed           |    37 |     1 ||    38
       Constrict         |     8 |     1 ||     9
       Tentacles         |     7 |     1 ||     8
Throw: Dart              |       |     6 ||     6
 Cast: Shock             |    54 |    17 ||    71
  Use: Scroll            |     2 |     1 ||     3
Armor: Skin              |     2 |       ||     2
Dodge: Dodged            |    30 |     1 ||    31

Table legend: (Time is in decaauts)
 A = Elapsed time spent in this place.
 B = Non-inter-level travel time spent in this place.
 C = Inter-level travel time spent in this place.
 D = Time resting spent in this place.
 E = Time spent auto-exploring this place.
 F = Levels seen in this place.
 G = Mean time per level.
                   A        B        C        D        E       F      G
               +--------+--------+--------+--------+--------+-----+--------+
         Total |   1913 |   1799 |    114 |    161 |   1390 |   2 |  956.5 |
       Dungeon |   1913 |   1799 |    114 |    161 |   1390 |   2 |  956.5 |
               +--------+--------+--------+--------+--------+-----+--------+

Top non-repeatable levels by time:
     D:1: 1691 daAuts
     D:2: 222 daAuts
